 Dungeon Crawl Stone Soup version 0.18.1-50-g88ac8fd (webtiles) character file.

299 magog001 the Shield-Bearer (level 6, -2/38 HPs)
             Began as a Gargoyle Fighter on Oct 28, 2018.
             Slain by an ogre
             ... wielding a +0 giant club
              (14 damage)
             ... on level 6 of the Dungeon on Nov 11, 2018.
             The game lasted 00:14:55 (3325 turns).

magog001 the Shield-Bearer (Gargoyle Fighter)       Turns: 3325, Time: 00:14:56

Health: -2/38      AC: 13    Str: 22    XL:     6   Next: 36%
Magic:  15/15      EV:  6    Int:  8    God:
Gold:   156        SH: 10    Dex:  9    Spells: 0 memorised, 5 levels left

rFire  . . .     SeeInvis +     a - +0 flail
rCold  + + .     Gourm    .     t - +0 chain mail
rNeg   + . .     Faith    .     c - +0 shield
rPois  ∞         Spirit   .     (no helmet)
rElec  +         Dismiss  .     (no cloak)
rCorr  .         Reflect  .     (no gloves)
SustAt .         Harm     .     (no boots)
MR     .....                    (no amulet)
Stlth  ..........               (no ring)
                                r - ring of Jobytz {rC++ MR- MP+9 Slay+2 SInv}

@: not resistant to hostile enchantments, extremely unstealthy
A: negative energy resistance 1, electricity resistance, unbreathing,
petrification resistance, rot immunity, AC +4
a: no special abilities


You were on level 6 of the Dungeon.
You were not hungry.

You visited 1 branch of the dungeon, and saw 4 of its levels.

You collected 156 gold pieces.

Inventory:

Hand Weapons
 a - a +0 flail (weapon)
Missiles
 b - 12 bolts
 i - 50 sling bullets
 u - 5 tomahawks (quivered)
Armour
 c - a +0 shield (worn)
 t - a +0 chain mail (worn)
Jewellery
 r - the ring of Jobytz (left hand) {rC++ MR- MP+9 Slay+2 SInv}
   (You found it on level 1 of the Dungeon)

   [ring of magical power]

   It affects your accuracy and damage with ranged weapons and melee attacks
   (+2).
   It greatly protects you from cold.
   It affects your resistance to hostile enchantments.
   It affects your magic capacity (+9).
   It lets you see invisible.
Scrolls
 k - a scroll of teleportation
 m - a scroll of identify
 o - 2 scrolls of remove curse
 v - a scroll of fear {unknown}
Potions
 e - a potion of cure mutation {unknown}
 g - a potion of resistance {unknown}
 h - a potion of degeneration {unknown}
 j - a potion of curing
 n - a potion of ambrosia {unknown}
 p - a potion of haste
 s - 2 potions of agility
Comestibles
 d - 6 chunks of flesh
 f - 3 bread rations


   Skills:
 * Level 3.9 Fighting
 * Level 3.1 Maces & Flails
 * Level 4.2 Armour
 * Level 2.6 Stealth
 * Level 5.5 Shields


You had 5 spell levels left.
You didn't know any spells.

Dungeon Overview and Level Annotations

Branches:
Dungeon (3/15)

Altars:
Fedhas
Okawaru


Innate Abilities, Weirdness & Mutations

You are resistant to torment.
Your stone body is resilient (AC +4).
You are immune to poison.
You resist negative energy.
You are resistant to electric shocks.
You can survive without breathing.
You are immune to petrification.
You are immune to rotting.


Message History

You closely miss the adder.
The adder is severely wounded.
You block the adder's attack. x2
You miss the adder.
The adder is severely wounded.
You block the adder's attack. x2
You miss the adder.
The adder is severely wounded.
You block the adder's attack.
You thump the adder!
You kill the adder!
Your shield prevents you from hitting the ogre.
The ogre hits you with a giant club!
You thump the ogre!
The ogre is moderately wounded.
You block the ogre's attack.
You thump the ogre!
The ogre is almost dead.
The ogre hits you with a giant club!
You die...

#.#..#..# .... ##
#....#..#### .J.. #.
.....#..#..# ...
#.###......#..####O.#
#..#.......#..#..#..
#...# #.....#..#.#
#..# #.....#..#.#
#..####..#...J...#
#...@OJ..#########
#..####### #..# #..#
#..#
######..#########
#..........)....####
#..........####....#
#..................#


You could see an ogre and a jelly.

Vanquished Creatures
  An ice beast (D:6)
  A scorpion (D:6)
  An orc wizard (D:3)
  5 adders
  An ooze (D:2)
  3 worms (D:2)
  4 dart slugs
  2 giant geckos (D:1)
  9 orcs
  11 bats
  3 giant cockroaches
  6 hobgoblins (D:1)
  5 kobolds
  A quokka (D:2)
  4 goblins
  3 rats
60 creatures vanquished.

Notes
Turn   | Place    | Note
--------------------------------------------------------------
     0 | D:1      | magog001 the Gargoyle Fighter began the quest for the Orb.
     0 | D:1      | Reached XP level 1. HP: 14/14 MP: 1/1
   175 | D:1      | Reached skill level 1 in Stealth
   194 | D:1      | Reached XP level 2. HP: 19/19 MP: 2/2
   624 | D:1      | Reached XP level 3. HP: 23/23 MP: 3/3
   708 | D:1      | Got a slimy glass ring
   710 | D:1      | Identified the ring of Jobytz {rC++ MR- MP+9 Slay+2 SInv} (You found it on level 1 of the Dungeon)
  1133 | D:2      | Found a faded altar to an unknown god.
  1207 | D:2      | Reached skill level 4 in Shields
  1212 | D:2      | Reached XP level 4. HP: 5/28 MP: 4/4
  1760 | D:2      | Found a blossoming altar of Fedhas.
  1955 | D:3      | Reached XP level 5. HP: 32/32 MP: 5/5
  2530 | D:3      | Found an iron altar of Okawaru.
  3220 | D:3      | You fall through a shaft for 3 floors!
  3232 | D:6      | Reached skill level 5 in Shields
  3273 | D:6      | Noticed an ice beast
  3283 | D:6      | Killed an ice beast
  3283 | D:6      | Reached XP level 6. HP: 33/38 MP: 6/6
  3325 | D:6      | Slain by an ogre

Skill      XL: |  1  2  3  4  5 |
---------------+----------------+-----
Stealth        | 1 2 |  2.6
Shields        | 4 5 |  5.5
Armour         | 4 |  4.2
Maces & Flails | 3 |  3.1
Fighting       | |  3.9

Action                   |  1- 3 |  4- 6 || total
-------------------------+-------+-------++-------
Melee: Flail             |   114 |   162 ||   276
  Use: Scroll            |     2 |     5 ||     7
       Potion            |     2 |       ||     2
  Eat: Chunk             |     1 |     3 ||     4
       Bread ration      |       |     1 ||     1
       Royal jelly       |       |     1 ||     1
Armor: Scale mail        |    84 |    66 ||   150
       Chain mail        |       |    63 ||    63
Dodge: Dodged            |    41 |    57 ||    98
Block: Shield            |    80 |   127 ||   207
